 Dungeon Crawl Stone Soup version 0.29.0-4-gdea44cf6ec (webtiles) character file.

Game seed: 15885524915628337515

4644 qw the Cleaver (level 10, -9/64 HPs)
             Began as a Gargoyle Fighter on Sept 9, 2022.
             Was a Follower of Okawaru.
             Mangled by a two-headed ogre
             ... wielding a +0 giant spiked club
              (12 damage)
             ... on level 9 of the Dungeon.
             The game lasted 00:03:43 (8180 turns).

qw the Cleaver (Gargoyle Fighter)                   Turns: 8180, Time: 00:03:44

Health: -9/64      AC: 26    Str: 24    XL:     10   Next: 43%
Magic:  8/10       EV: 14    Int:  9    God:    Okawaru [*.....]
Gold:   183        SH:  6    Dex:  9    Spells: 9/9 levels left

rFire   . . .      SeeInvis .   l - +4 broad axe (elec)
rCold   . . .      Faith    .   c - +0 buckler
rNeg    + . .      Spirit   .   r - +2 chain mail {rPois}
rPois   inf        Reflect  .   (no helmet)
rElec   +          Harm     .   b - +0 cloak
rCorr   .          Rampage  .   (no gloves)
Will    .....                   (no boots)
Stlth   ..........              g - amulet of the acrobat
HPRegen 0.20/turn               j - +4 ring of evasion
MPRegen 0.12/turn               q - +4 ring of protection

@: about to teleport, heroic
A: sickness immunity, AC +7, negative energy resistance 1, electricity
resistance, torment resistance 1, petrification resistance
a: Renounce Religion, Heroism


You were on level 9 of the Dungeon.
You worshipped Okawaru.
Okawaru was aware of your devotion.
You visited 2 branches of the dungeon, and saw 10 of its levels.

You collected 435 gold pieces.
You spent 252 gold pieces at shops.


Innate Abilities, Weirdness & Mutations

You are immune to sickness and miasma.
Your stone body is resilient. (AC +7)
You are immune to poison.
You resist negative energy. (rN+)
You are resistant to electric shocks. (rElec)
You are resistant to unholy torment.
You are immune to petrification.


   Skills:
 + Level 8.0(13.0) Fighting
 - Level 11.0(16.0) Axes
 - Level 1.8(6.8) Throwing
 - Level 5.0(10.0) Armour
 - Level 2.0(7.0) Dodging
 - Level 5.1(10.1) Shields
 + Level 1.1 Invocations


You had 9 spell levels left.
You didn't know any spells.
Your spell library was empty.

Inventory:

Hand Weapons
 e - a +0 flail
 l - a +4 broad axe of electrocution (weapon)
Missiles
 t - 2 boomerangs (quivered)
Armour
 b - a +0 cloak (worn)
 c - a +0 buckler (worn)
 r - a +2 chain mail of poison resistance (worn)
Jewellery
 g - an amulet of the acrobat (around neck)
 j - a +4 ring of evasion (left hand)
 q - a +4 ring of protection (right hand)
Wands
 n - a wand of digging (5)
Scrolls
 a - 4 scrolls of identify
 h - 4 scrolls of teleportation
Potions
 d - 3 potions of might
 i - a potion of lignification
 m - a potion of cancellation
 o - a potion of resistance
 s - a potion of haste

Dungeon Overview and Level Annotations

Branches:
Dungeon (9/15)             Temple (1/1) D:7            Lair (0/5) D:9
    Orc: D:9-12

Altars:
Ashenzari
Cheibriados
Dithmenos
Fedhas
Gozag
Hepliaklqana
Kikubaaqudgha
Makhleb
Nemelex Xobeh
Okawaru
Qazlal
Ru
Sif Muna
Trog
Uskayaw
Vehumet
Wu Jian
Xom
Yredelemnul
Zin
The Shining One

Shops:
D:7 :**(   D:8 [

Annotations:
D:6 3 runed translucent doors, qw's ghost, journeyman DsCA; qw's ghost, novice DsCA; qw's ghost, novice GrBe; qw's ghost, novice GrFi


Message History

8173 ||| INVOKING Heroism.
You gain the combat prowess of a mighty hero.
The orc warrior barely misses you. You block the warg's attack.
You hit the warg.
The warg is almost dead.
The warg bites you. The orc warrior closely misses you.
You slice the warg!!
You kill the warg!
Okawaru accepts your kill.
Your surroundings suddenly seem different. 2 yaks and a two-headed ogre come into view.
Found 2 boomerangs.
Found a stone staircase leading down.
The yak bellows! x2; The two-headed ogre shouts in stereo!
Your base Armour skill increases to level 5!
Your Invocations skill increases to level 1!
Enter note: Throw: 2 boomerangs
Press: ? - help, Q - select action Shift-Dir - straight line, f - two-headed ogre You throw a boomerang.
The boomerang hits the two-headed ogre!
The two-headed ogre is lightly wounded.
A yak comes into view.
Throw: 2 boomerangs
Press: ? - help, Q - select action Shift-Dir - straight line, f/p - two-headed ogre You throw a boomerang.
The boomerang hits the two-headed ogre!
The two-headed ogre is moderately wounded.
A yak comes into view. x3
Throw: 2 boomerangs
Press: ? - help, Q - select action Shift-Dir - straight line, f/p - two-headed ogre You throw a boomerang.
The yak bellows!
The yak bellows! x2
The boomerang hits the two-headed ogre but does no damage.
The two-headed ogre is moderately wounded.
8179 ||| READING 5 scrolls of teleportation.
As you read the scroll of teleportation, it crumbles to dust.
You feel strangely unstable.
You hit the two-headed ogre.
The two-headed ogre is heavily wounded.
The two-headed ogre hits you with a +0 giant spiked club!
You die...

###....#
#....#
#....#
###.##
#...#
###'#######
#..........
####+#####
#..........
#........#
#..........
#.@......#
#..........
#.OY.....#
#..........
#.Y......#
#..........
#..Y.....#
#..........
#...YY...#
#..........
#.Y......#
#.........
#..(.>...#
'.........
#........+
#.........


You could see a two-headed ogre and 6 yaks.

Vanquished Creatures
  2 humans (D:8)
  A steam dragon (D:6)
  2 wargs (D:9)
  2 water moccasins
  Duvessa (D:6)
  2 black bears
  3 sky beasts
  2 ice beasts
  4 ogres
  3 centaurs
  A phantom (D:4)
  4 kobold brigands
  3 necrophages (D:6)
  A bullfrog (D:7)
  A gnoll sergeant (D:9)
  5 scorpions
  8 wights (D:8)
  Dowan (D:6)
  3 killer bees (D:8)
  7 hounds
  A jelly (D:6)
  A gnoll bouda (D:6)
  2 orc priests (D:9)
  6 iguanas
  2 orc wizards (D:9)
  16 gnolls
  6 adders
  5 white imps
  An ufetubus (D:6)
  3 dart slugs
  15 orcs
  9 bats
  12 endoplasms
  4 giant cockroaches
  12 goblins
  9 hobgoblins
  12 jackals
  23 kobolds
  4 quokkas
  8 ball pythons
  4 frilled lizards
  8 rats
219 creatures vanquished.

Vanquished Creatures (others)
  15 plants (D:1)
15 creatures vanquished.

Grand Total: 234 creatures vanquished

Notes
Turn   | Place    | Note
-------+----------+-------------------------------------------
     0 | D:1      | qw the Gargoyle Fighter began the quest for the Orb.
     0 | D:1      | Reached XP level 1. HP: 14/14 MP: 1/1
     0 | D:1      | 0 ||| qw: Version: 0.1-a-113-g051387a
     0 | D:1      | 0 ||| qw: Game counter: 7184
     0 | D:1      | 0 ||| qw: Always use a shield: true
     0 | D:1      | 0 ||| qw: God list: Okawaru
     0 | D:1      | 0 ||| qw: Allow faded altars: false
     0 | D:1      | 0 ||| qw: Do Orc after D:15 true
     0 | D:1      | 0 ||| qw: Do second Lair branch before Depths: true
     0 | D:1      | 0 ||| qw: Lair rune preference: random
     0 | D:1      | 0 ||| qw: Plans: Normal, Zot, God:TSO, Crypt, Tomb, Zig,
                  | Orb
     0 | D:1      | 0 ||| PLANNING D:1-11
    22 | D:1      | Reached skill level 2 in Axes
   113 | D:1      | 113 ||| DROPPING +0 club.
   149 | D:1      | Reached XP level 2. HP: 19/19 MP: 2/2
   161 | D:1      | 161 ||| READING scroll labelled ECLAOPNELE.
   522 | D:1      | Reached skill level 3 in Axes
   618 | D:1      | Reached XP level 3. HP: 23/23 MP: 3/3
   750 | D:1      | Found a faded altar of an unknown god.
  1190 | D:1      | 1190 ||| READING scroll labelled GAYCUIPHUJU.
  1191 | D:1      | 1191 ||| READING scroll labelled EDGHAPPU XAUKI.
  1195 | D:1      | 1195 ||| READING 2 scrolls of identify.
  1195 | D:1      | 1195 ||| IDENTIFYING grey potion
  1196 | D:1      | 1196 ||| DROPPING potion of brilliance.
  1427 | D:2      | 1427 ||| Stepping ~*~*~tactically~*~*~ (stealth).
  1428 | D:2      | 1428 ||| Stepping ~*~*~tactically~*~*~ (stealth).
  1662 | D:2      | Reached XP level 4. HP: 28/28 MP: 4/4
  1884 | D:2      | Reached skill level 4 in Axes
  2087 | D:2      | 2087 ||| READING scroll labelled JUOGEE ECHO.
  2087 | D:2      | Identified a scroll of acquirement
  2087 | D:2      | 2087 ||| ACQUIRING +3 broad axe of electrocution
  2087 | D:2      | Acquired a +3 broad axe of electrocution
  2089 | D:2      | 2089 ||| SWAPPING to +3 broad axe of electrocution.
  2090 | D:2      | 2090 ||| DROPPING +0 war axe.
  2091 | D:2      | 2091 ||| READING scroll labelled VASEROR MIVOZ.
  2092 | D:2      | 2092 ||| READING scroll labelled VEROIFR ZAIFAU.
  2093 | D:2      | 2093 ||| READING scroll labelled NIURIF NILUITZ.
  2094 | D:2      | 2094 ||| READING 4 scrolls of identify.
  2094 | D:2      | 2094 ||| IDENTIFYING murky amethyst potion
  2095 | D:2      | 2095 ||| DROPPING potion of invisibility.
  2126 | D:3      | 2126 ||| STAIRDANCE
  2167 | D:3      | 2167 ||| STAIRDANCE
  2236 | D:3      | 2236 ||| Stepping ~*~*~tactically~*~*~ (hiding).
  2252 | D:3      | Reached XP level 5. HP: 16/32 MP: 5/5
  2463 | D:3      | 2463 ||| DROPPING +0 mace.
  2741 | D:3      | 2741 ||| Stepping ~*~*~tactically~*~*~ (stealth).
  2742 | D:3      | 2742 ||| Stepping ~*~*~tactically~*~*~ (stealth).
  2770 | D:3      | 2770 ||| Stepping ~*~*~tactically~*~*~ (stealth).
  2835 | D:3      | Reached skill level 5 in Axes
  3148 | D:3      | 3148 ||| Stepping ~*~*~tactically~*~*~ (hiding).
  3150 | D:3      | 3150 ||| Stepping ~*~*~tactically~*~*~ (hiding).
  3241 | D:3      | 3241 ||| UPGRADING to +4 ring of evasion.
  3242 | D:3      | 3242 ||| READING scroll labelled NOITIU FIEMY.
  3243 | D:3      | 3243 ||| READING scroll labelled ESUCOET SEFROU.
  3244 | D:3      | 3244 ||| READING scroll labelled GEIKKAPNYFORO.
  3245 | D:3      | 3245 ||| READING 6 scrolls of identify.
  3245 | D:3      | 3245 ||| IDENTIFYING dark potion
  3272 | D:4      | Noticed a phantom
  3278 | D:4      | Killed a phantom
  3279 | D:4      | Reached XP level 6. HP: 39/39 MP: 6/6
  3318 | D:4      | Found a hide-covered altar of Uskayaw.
  3535 | D:4      | Reached skill level 1 in Dodging
  3701 | D:4      | 3701 ||| Stepping ~*~*~tactically~*~*~ (stealth).
  3783 | D:4      | Noticed a black bear
  3794 | D:4      | Killed a black bear
  3795 | D:4      | Reached XP level 7. HP: 16/44 MP: 7/7
  3998 | D:4      | Found a glowing golden altar of the Shining One.
  4083 | D:4      | 4083 ||| UPGRADING to +6 ring of strength.
  4084 | D:4      | 4084 ||| READING 2 scrolls labelled UNKISK INLAINA.
  4085 | D:4      | 4085 ||| DRINKING 3 coppery potions.
  4086 | D:4      | 4086 ||| READING 7 scrolls of identify.
  4086 | D:4      | 4086 ||| IDENTIFYING viscous orange potion
  4087 | D:4      | 4087 ||| DROPPING 2 potions of degeneration.
  4088 | D:4      | 4088 ||| DROPPING potion of magic.
  4089 | D:4      | 4089 ||| DROPPING scroll of vulnerability.
  4109 | D:5      | Entered Level 5 of the Dungeon
  4117 | D:5      | Reached skill level 6 in Axes
  4259 | D:5      | 4259 ||| FLEEEEING.
  4260 | D:5      | 4260 ||| FLEEEEING.
  4261 | D:5      | 4261 ||| FLEEEEING.
  4346 | D:5      | Reached skill level 7 in Axes
  5112 | D:5      | Identified the +0 scale mail "Uduep" {rC++}
  5217 | D:5      | 5217 ||| UPGRADING to +0 scale mail "Uduep" {rC++}.
  5227 | D:5      | 5227 ||| DROPPING +0 scale mail.
  5228 | D:5      | 5228 ||| UPGRADING to amulet of the acrobat.
  5233 | D:5      | 5233 ||| READING scroll labelled FAEKKE DAKHLO.
  5254 | D:6      | Found a burning altar of Makhleb.
  5258 | D:6      | Found a glowing silver altar of Zin.
  5258 | D:6      | Noticed an angel
  5259 | D:6      | Noticed a green death
  5295 | D:6      | 5295 ||| Stepping ~*~*~tactically~*~*~ (hiding).
  5300 | D:6      | Noticed a steam dragon
  5302 | D:6      | 5302 ||| FLEEEEING.
  5303 | D:6      | 5303 ||| FLEEEEING.
  5305 | D:6      | 5305 ||| FLEEEEING.
  5306 | D:6      | 5306 ||| FLEEEEING.
  5307 | D:6      | 5307 ||| FLEEEEING.
  5308 | D:6      | 5308 ||| FLEEEEING.
  5309 | D:6      | 5309 ||| FLEEEEING.
  5312 | D:6      | 5312 ||| FLEEEEING.
  5313 | D:6      | 5313 ||| STAIRDANCE
  5438 | D:5      | 5438 ||| UPGRADING to +0 cloak.
  5446 | D:6      | 5446 ||| STAIRDANCE
  5493 | D:6      | Killed a steam dragon
  5494 | D:6      | Reached XP level 8. HP: 37/49 MP: 8/8
  5504 | D:6      | 5504 ||| FLEEEEING.
  5505 | D:6      | 5505 ||| STAIRDANCE
  5575 | D:6      | 5575 ||| Stepping ~*~*~tactically~*~*~ (stealth).
  5577 | D:6      | 5577 ||| Stepping ~*~*~tactically~*~*~ (stealth).
  5629 | D:6      | Noticed Dowan
  5629 | D:6      | Noticed Duvessa
  5636 | D:6      | Killed Dowan
  5637 | D:6      | Reached skill level 8 in Axes
  5670 | D:6      | 5670 ||| Stepping ~*~*~tactically~*~*~ (stealth).
  5671 | D:6      | 5671 ||| Stepping ~*~*~tactically~*~*~ (stealth).
  5697 | D:6      | Killed Duvessa
  5698 | D:6      | Reached skill level 1 in Throwing
  5716 | D:6      | 5716 ||| Stepping ~*~*~tactically~*~*~ (stealth).
  5717 | D:6      | 5717 ||| Stepping ~*~*~tactically~*~*~ (stealth).
  5904 | D:6      | 5904 ||| Stepping ~*~*~tactically~*~*~ (hiding).
  5946 | D:6      | 5946 ||| Stepping ~*~*~tactically~*~*~ (stealth).
  5948 | D:6      | 5948 ||| Stepping ~*~*~tactically~*~*~ (hiding).
  5952 | D:6      | Reached skill level 6 in Fighting
  6075 | D:6      | 6075 ||| Stepping ~*~*~tactically~*~*~ (stealth).
  6079 | D:6      | Reached skill level 9 in Axes
  6079 | D:6      | Reached XP level 9. HP: 52/55 MP: 9/9
  6079 | D:6      | 6079 ||| Stepping ~*~*~tactically~*~*~ (stealth).
  6218 | D:6      | 6218 ||| Stepping ~*~*~tactically~*~*~ (hiding).
  6354 | D:6      | 6354 ||| Stepping ~*~*~tactically~*~*~ (stealth).
  6356 | D:6      | 6356 ||| Stepping ~*~*~tactically~*~*~ (stealth).
  6359 | D:6      | 6359 ||| Stepping ~*~*~tactically~*~*~ (stealth).
  6444 | D:6      | Found a runed translucent gate.
  6444 | D:6      | Found a runed translucent gate.
  6444 | D:6      | Found a runed translucent gate.
  6445 | D:6      | Noticed qw's ghost (novice GrBe)
  6445 | D:6      | Noticed qw's ghost (novice GrFi)
  6446 | D:6      | Noticed qw's ghost (novice DsCA)
  6447 | D:6      | Noticed qw's ghost (journeyman DsCA)
  6549 | D:6      | Found a radiant altar of Vehumet.
  6572 | D:6      | Found a hazy altar of Hepliaklqana.
  6665 | D:6      | 6665 ||| DROPPING +6 ring of intelligence.
  6666 | D:6      | 6666 ||| UPGRADING to +4 ring of protection.
  6668 | D:6      | 6668 ||| DROPPING +6 ring of strength.
  6669 | D:6      | 6669 ||| DRINKING 2 murky blue potions.
  6774 | D:6      | 6774 ||| READING 8 scrolls of identify.
  6774 | D:6      | 6774 ||| IDENTIFYING fizzy dark potion
  6775 | D:6      | 6775 ||| READING 7 scrolls of identify.
  6775 | D:6      | 6775 ||| IDENTIFYING white potion
  6776 | D:6      | 6776 ||| DROPPING potion of berserk rage.
  6777 | D:6      | 6777 ||| DROPPING potion of flight.
  6827 | D:7      | Found Cudim's Antique Weapon Shop.
  6914 | D:7      | Found Aletz's Overcharged Wands.
  6921 | D:7      | 6921 ||| Stepping ~*~*~tactically~*~*~ (stealth).
  6938 | D:7      | 6938 ||| Stepping ~*~*~tactically~*~*~ (stealth).
  6946 | D:7      | 6946 ||| Stepping ~*~*~tactically~*~*~ (stealth).
  6973 | D:7      | Reached skill level 10 in Axes
  6976 | D:7      | 6976 ||| SHOPLISTING wand of digging (11) (693 gold, have
                  | 311).
  6983 | D:7      | Found Lig Bim's Book Emporium.
  7008 | D:7      | Found Benten's General Store.
  7017 | D:7      | 7017 ||| SHOPLISTING +1 chain mail of Shrieking Awe {Fly
                  | Will+ Int+2 Stlth-} (351 gold, have 325).
  7062 | D:7      | Found a staircase to the Ecumenical Temple.
  7063 | D:7      | 7063 ||| PLANNING TEMPLE
  7063 | D:7      | 7063 ||| READING 6 scrolls of identify.
  7063 | D:7      | 7063 ||| IDENTIFYING fuming silvery potion
  7073 | Temple   | Entered the Ecumenical Temple
  7114 | Temple   | 7114 ||| PLANNING D:1-11
  7201 | D:7      | Identified the +10 rapier "Oloihumm" {venom, Dex+2}
  7239 | D:8      | 7239 ||| DROPPING +2 vorpal mace.
  7426 | D:8      | Found an iron altar of Okawaru.
  7435 | D:8      | Reached XP level 10. HP: 63/64 MP: 10/10
  7442 | D:8      | Became a worshipper of Warmaster Okawaru
  7452 | D:8      | Found Justi's Armour Emporium.
  7462 | D:8      | 7462 ||| BUYING +0 chain mail (49 gold).
  7462 | D:8      | Bought a +0 chain mail for 49 gold pieces
  7462 | D:8      | 7462 ||| BUYING +2 chain mail of poison resistance (203
                  | gold).
  7462 | D:8      | Bought a +2 chain mail of poison resistance for 203 gold
                  | pieces
  7462 | D:8      | 7462 ||| SHOPLISTING +2 helmet of see invisible (236 gold,
                  | have 88).
  7676 | D:8      | Reached skill level 11 in Axes
  7957 | D:8      | 7957 ||| DROPPING +0 chain mail.
  7958 | D:8      | 7958 ||| UPGRADING to +2 chain mail of poison resistance.
  7968 | D:8      | 7968 ||| DROPPING +0 scale mail "Uduep" {rC++}.
  7969 | D:8      | 7969 ||| READING 6 scrolls of identify.
  7969 | D:8      | 7969 ||| IDENTIFYING amethyst potion
  7970 | D:8      | 7970 ||| READING 5 scrolls of identify.
  7970 | D:8      | 7970 ||| IDENTIFYING fizzy grey potion
  8066 | D:9      | Found the +10 zealot's sword {holy, *Rage rN+ EV+3}
  8157 | D:9      | Found a staircase to the Lair.
  8165 | D:9      | HP: 16/64 [orc priest/nerve-wracking pain (3)]
  8166 | D:9      | 8166 ||| DRINKING potion of heal wounds.
  8167 | D:9      | Reached * piety under Okawaru
  8170 | D:9      | HP: 14/64 [orc warrior/+0 halberd (8)]
  8172 | D:9      | 8172 ||| READING 6 scrolls of teleportation.
  8173 | D:9      | 8173 ||| INVOKING Heroism.
  8174 | D:9      | HP: 2/64 [warg (6)]
  8175 | D:9      | Noticed a two-headed ogre
  8176 | D:9      | Reached skill level 1 in Invocations
  8179 | D:9      | 8179 ||| READING 5 scrolls of teleportation.
  8180 | D:9      | Mangled by a two-headed ogre

Levels and vault maps discovered:
D:1:      erik_arrival_cave_to_civilisation [erik_arrival_cave_to_hall],
          layout_basic, dilly_ecumenical_altar_fadedgnrine,
          wander_ebering_terrifying_dragon_lair
D:2:      layout_basic
D:3:      layout_basic, minmay_misc_feat_iff, minmay_goblin_outpost
D:4:      layout_basic, eat_drink_and_be_merry_uskayaw, tso_altar
D:5:      layout_loops_corners, serial_bayou_pond_e
D:6:      minmay_razor_zed, layout_rooms,
          grunt_temple_overflow_order_and_chaos_2, grunt_temple_overflow_open,
          gammafunk_ghost_cemetery, minmay_misc_feat_diagonals, uniq_duvessa
D:7:      layout_rooms, minmay_temple_entry_poolview, serial_shops, shop, shop,
          shop, nicolae_shop_overcharged_wands
D:8:      layout_basic, okawaru_humans, serial_shops, nicolae_diamond_shop
D:9:      layout_roguey, erik_lair_orcish_takeover, nicolae_blasting_shop
Temple:   nicolae_temple_ecumenical_triangle

Skill      XL: |  1  2  3  4  5  6  7  8  9 10 |
---------------+-------------------------------+-----
Axes           | 2 3 4 5 7 9 10 11 | 11.0
Fighting       | 4 5 6 8 |  8.0
Dodging        | 1 2 |  2.0
Throwing       | 1 |  1.8
Shields        | 5 |  5.1
Armour         | 5 |  5.0
Invocations    | 1 |  1.1

Action                   |  1- 3 |  4- 6 |  7- 9 | 10-12 || total
-------------------------+-------+-------+-------+-------++-------
Melee: War axe           |   141 |    25 |       |       ||   166
       Broad axe         |       |   124 |   203 |    86 ||   413
Throw: Boomerang         |       |       |    14 |     4 ||    18
Invok: Heroism           |       |       |       |     1 ||     1
  Use: Scroll            |     4 |     9 |     6 |     4 ||    23
       Potion            |       |       |     2 |     1 ||     3
Armor: Scale mail        |    71 |    93 |    65 |    22 ||   251
       Chain mail        |       |       |       |    32 ||    32
Dodge: Dodged            |    66 |    91 |   116 |    84 ||   357
Block: Buckler           |    26 |    30 |    35 |    20 ||   111

Table legend:
 A = Non-vault XP
 B = Vault XP
 C = Vault XP percentage of total XP
 D = Non-vault monster count
 E = Vault monster count
 F = Vault count percentage of total count
                 A         B        C        D         E       F
            +---------+---------+-------+---------+---------+-------
      Total |    4621 |    2014 |  30.4 |     180 |      39 |  17.8
            +---------+---------+-------+---------+---------+-------
        D:1 |      51 |       4 |   7.3 |      30 |       3 |   9.1
        D:2 |      76 |       0 |   0.0 |      22 |       0 |   0.0
        D:3 |     156 |      17 |   9.8 |      28 |       9 |  24.3
        D:4 |     342 |       0 |   0.0 |      15 |       0 |   0.0
        D:5 |     511 |       0 |   0.0 |      12 |       0 |   0.0
        D:6 |     946 |    1101 |  53.8 |      20 |      17 |  45.9
        D:7 |     779 |       0 |   0.0 |      12 |       0 |   0.0
        D:8 |    1514 |     396 |  20.7 |      33 |       2 |   5.7
        D:9 |     246 |     496 |  66.8 |       8 |       8 |  50.0
            +---------+---------+-------+---------+---------+-------
